Map: [ESL] Dynasty

Players

ShoWTimE

  • Race: Protoss Protoss
  • Spawn Location: 7:00

Spirit - Winner!

  • Race: Terran Terran
  • Spawn Location: 1:00

Event: ESL SC2 Masters 2024 Spring (Regional)

VOD

Have the link to the VOD?

Description

Time

  • Played on: April 28, 2024, 11:24 a.m.
  • Length: 7:38

All games in this series

Show
View Real Time Build Order
Export as new Build Order

ShoWTimE Protoss 

Build Orders: 1 Gate Expand, Blink Stalkers 

Get SALT Encoding   

  12  0:00  Probe  
  13  0:12  Probe  
  14  0:17  Pylon  
  14  0:24  Probe (Chrono Boost)  
  15  0:35  Gateway  
  15  0:36  Probe (Chrono Boost)  
  16  0:45  Assimilator, Probe (Chrono Boost)  
  17  0:51  Probe  
  18  1:03  Probe  
  19  1:15  Probe  
  20  1:21  Cybernetics Core  
  20  1:27  Probe  
  21  1:33  Nexus  
  21  1:40  Pylon  
  21  1:43  Probe  
  22  1:48  Assimilator  
  22  1:55  Probe, Adept (Chrono Boost)  
  22  2:00  Warp Gate  
  25  2:07  Probe  
  26  2:15  Stalker (Chrono Boost)  
  26  2:19  Probe  
  29  2:29  Twilight Council  
  29  2:31  Probe  
  30  2:43  Probe  
  31  2:45  Stalker  
  31  2:46  Probe  
  34  2:55  Probe  
  35  2:58  Probe, Gateway  
  35  2:59  Blink (Chrono Boost)  
  36  3:08  Probe  
  36  3:12  Probe  
  38  3:20  Probe  
  38  3:24  Sentry, Probe  
  42  3:28  Pylon  
  42  3:32  Probe  
  43  3:36  Probe  
  44  3:44  Robotics Facility, Probe  
  44  3:48  Probe  
  46  3:53  Stalker  
  46  3:55  Pylon  
  48  3:56  Probe  
  48  4:00  Probe  
  50  4:05  Nexus  
  50  4:08  Probe  
  51  4:11  Stalker  
  51  4:12  Probe  
  51  4:16  Pylon  
  52  4:20  Stalker, Probe  
  55  4:29  Probe, Nexus  
  56  4:31  Observer  
  56  4:35  Assimilator, Probe  
  58  4:40  Assimilator  
  58  4:41  Stalker  
  58  4:42  Probe  
  61  4:47  Pylon, Probe  
  61  4:49  Stalker  
  64  4:54  Probe  
  64  4:59  Probe  
  66  5:08  Probe  
  66  5:12  Probe  
  66  5:13  Gateway  
  66  5:14  Gateway  
  68  5:17  Robotics Bay  
  68  5:18  Pylon  
  68  5:20  Probe, Forge  
  69  5:24  Charge, Probe  
  69  5:26  Observer  
  70  5:32  Probe (Chrono Boost)  
  70  5:34  Stalker  
  71  5:36  Probe (Chrono Boost)  
  73  5:43  Shield Battery  
  73  5:44  Probe (Chrono Boost)  
  73  5:47  Probe (Chrono Boost)  
  73  5:48  Probe (Chrono Boost)  
  73  5:49  Shield Battery  
  75  5:51  Observer  
  75  5:53  Stalker  
  75  5:54  Shield Battery  
  77  5:58  Immortal (Chrono Boost)  
  77  6:03  Stalker  
  79  6:17  Stalker x3  
  83  6:28  Stalker  
  83  6:32  Pylon  
  85  6:36  Pylon  
  85  6:39  Pylon  
  85  6:44  Nexus  
  85  6:47  Pylon  
  85  6:48  Pylon  
  85  6:52  Stalker  
  85  6:56  Pylon  
  85  6:57  Pylon  
  85  6:58  Stalker x2  
  89  7:07  Zealot  
  87  7:12  Robotics Facility  
  79  7:23  Zealot x2  
  79  7:27  Robotics Facility  
Show
View Real Time Build Order
Export as new Build Order

Spirit Terran - Winner!

Build Orders: Cyclone Opening, Gas First Reaper Expand 

Get SALT Encoding   

  12  0:00  SCV  
  13  0:12  SCV  
  14  0:17  Supply Depot  
  14  0:24  SCV  
  14  0:27  Refinery  
  15  0:38  SCV  
  16  0:44  Barracks  
  16  0:50  SCV  
  17  1:02  SCV  
  18  1:14  SCV  
  19  1:31  Orbital Command, Reaper  
  20  1:44  Command Center  
  20  1:53  Factory  
  20  1:56  SCV  
  21  2:02  Refinery  
  21  2:05  Barracks Reactor  
  21  2:09  SCV  
  21  2:14  Supply Depot  
  22  2:21  SCV  
  23  2:36  SCV, Cyclone  
  26  2:42  Marine x2  
  28  2:44  Starport  
  28  2:48  SCV  
  29  2:55  Orbital Command  
  29  3:00  Marine x2  
  31  3:07  SCV  
  31  3:10  Factory Tech Lab  
  32  3:19  SCV  
  33  3:20  Refinery  
  33  3:22  Medivac  
  33  3:23  SCV  
  36  3:29  Marine  
  36  3:30  Marine  
  36  3:31  SCV  
  39  3:35  Factory Tech Lab, Supply Depot  
  39  3:37  SCV  
  40  3:43  SCV  
  41  3:49  SCV, Marine x2  
  44  3:55  SCV  
  44  3:57  Siege Tank  
  44  4:01  SCV, Cloaking Field  
  49  4:04  Banshee  
  49  4:08  SCV  
  53  4:11  Marine  
  54  4:19  Supply Depot  
  54  4:20  SCV x2, Marine  
  57  4:30  Siege Tank  
  57  4:32  SCV x2  
  59  4:42  Marine x2  
  59  4:44  SCV x2, Supply Depot  
  63  4:47  Banshee  
  66  4:53  Supply Depot x2  
  66  4:56  SCV x2  
  68  5:00  Marine x2  
  68  5:05  Siege Tank  
  72  5:09  SCV  
  72  5:10  SCV  
  72  5:11  Barracks  
  72  5:18  Marine x2  
  72  5:21  SCV  
  75  5:23  Engineering Bay  
  75  5:25  Supply Depot, Barracks  
  75  5:31  Banshee  
  75  5:32  SCV  
  79  5:40  Siege Tank  
  79  5:42  Marine  
  82  5:44  SCV  
  82  5:49  Marine  
  84  5:55  SCV  
  83  6:01  Command Center  
  83  6:07  Barracks Tech Lab, Marine  
  84  6:12  Siege Tank  
  84  6:13  SCV  
  84  6:16  Banshee  
  84  6:17  SCV  
  92  6:18  Marine  
  92  6:25  SCV  
  94  6:26  Marine  
  94  6:27  Marine  
  94  6:28  Barracks Tech Lab  
  96  6:32  Barracks  
  96  6:33  Barracks  
  96  6:42  Marine  
  96  6:44  Siege Tank, Supply Depot, Marine  
  96  6:46  Supply Depot  
  101  6:50  SCV  
  100  6:55  Marauder  
  100  6:56  Marine  
  100  6:59  Marine  
  99  7:02  Marine  
  99  7:03  SCV  
  99  7:07  SCV  
  94  7:14  Marauder  
  93  7:15  SCV  
  93  7:16  Marine  
  93  7:17  Marine  
  93  7:19  SCV  
Tags
 
Add a new tag
Caveats
  • Supply blocks, unpowered buildings, or Contaminate may cause inaccurate times.
  • Supply counts are checked every 10 seconds.